 Dungeon Crawl Stone Soup version 0.30-a0-862-g1aabd4f9c5 (webtiles) character file.

Game seed: 7708685014933392088

16 Pimp the Conjurer (level 2, 0/17 HPs)
             Began as an Octopode Conjurer on Mar 9, 2023.
             Slain by a quokka (1 damage)
             ... on level 1 of the Dungeon.
             The game lasted 00:01:05 (309 turns).

Pimp the Conjurer (Octopode Conjurer)                Turns: 309, Time: 00:01:06

Health: 0/17       AC:  1    Str:  6    XL:     2   Next: 58%
Magic:  5/5        EV: 13    Int: 20    God:
Gold:   28         SH:  0    Dex: 10    Spells: 0/5 levels left

rFire   . . .      SeeInvis .    b - +0 dagger
rCold   . . .      Faith    .    (no shield)
rNeg    . . .      Spirit   .    (helmet restricted)
rPois   .          Reflect  .    (no amulet)
rElec   .          Rampage  .    (no ring)
rCorr   .                        (no ring)
Will    .....                    (no ring)
Stlth   +++                      (no ring)
HPRegen 0.22/turn                (no ring)
MPRegen 0.09/turn                (no ring)
                                 (no ring)
                                 (no ring)

@: no status effects
A: almost no armour, amphibious, 8 rings, camouflage 1, gelatinous body 1,
(nimble swimmer 1), tentacles
a: no special abilities


You were on level 1 of the Dungeon.
You visited 1 branch of the dungeon, and saw 1 of its levels.

You collected 28 gold pieces.

Inventory:

Hand Weapons
 b - a +0 dagger (weapon)
Scrolls
 d - 2 scrolls of butterflies {unknown}
Potions
 a - a potion of magic
 c - a potion of resistance {unknown}


   Skills:
 + Level 2.3 Dodging
 + Level 3.2 Stealth
 + Level 2.2 Spellcasting
 + Level 4.1 Conjurations


You couldn't memorise any spells.
You knew the following spells:

 Your Spells              Type           Power      Damage    Failure   Level
a - Magic Dart            Conj           72%        1d6       2%          1
b - Searing Ray           Conj           36%        2d5       4%          2
c - Blink                 Tloc           4%         N/A       24%         2

Your spell library contained the following spells:

 Spells                   Type           Power      Damage    Failure   Level
 Momentum Strike          Conj/Tloc      20%        3d8       10%         2
 Dazzling Flash           Conj/Hex       20%        N/A       21%         3
 Lesser Beckoning         Tloc           4%         N/A       24%         2
 Fulminant Prism          Conj/Hex       5%         3d6       54%         4
 Iskenderun's Mystic Bla  Conj/Tloc      10%        2d4       54%         4
 Olgreb's Toxic Radiance  Pois           2%         N/A       83%         4
 Ozocubu's Refrigeration  Ice            1%         4d7       100%        7
 Ignition                 Fire           1%         3d3       100%        8


Dungeon Overview and Level Annotations

Branches:
Dungeon (1/15)

Altars:


Innate Abilities, Weirdness & Mutations

You cannot wear most types of armour.
You are amphibious.
You can wear up to eight rings at the same time.
Your skin changes colour to match your surroundings (Stealth+).
Your rubbery body absorbs attacks. (AC +1, EV +1)
((You are camouflaged when in or above water. (Stealth+)))
You have tentacles for arms and can constrict up to eight enemies at once.


Message History

You hit the goblin.
You kill the goblin!
A frilled lizard comes into view.
A hobgoblin comes into view.
The hobgoblin shouts!
The frilled lizard completely misses you.
You closely miss the frilled lizard. Your grab misses the frilled lizard.
Your squeeze misses the frilled lizard. The frilled lizard barely misses you.
You completely miss the frilled lizard. Your grab misses the frilled lizard.
Your squeeze misses the frilled lizard. The frilled lizard barely misses you.
You closely miss the frilled lizard. You grab the frilled lizard.
You squeeze the frilled lizard.
You kill the frilled lizard!
The quokka closely misses you.
You hit the hobgoblin. You grab the hobgoblin.
You squeeze the hobgoblin, but do no damage.
The hobgoblin is moderately wounded.
You constrict the hobgoblin, but do no damage.
The quokka bites you. The hobgoblin barely misses you.
You hit the hobgoblin but do no damage. You constrict the hobgoblin.
The quokka barely misses you. The hobgoblin closely misses you.
The quokka closely misses you.
You hit the hobgoblin.
The hobgoblin is severely wounded.
You constrict the hobgoblin. The hobgoblin barely misses you.
The quokka barely misses you.
You hit the hobgoblin but do no damage. You squeeze the hobgoblin.
You kill the hobgoblin!
The quokka misses you.
You closely miss the quokka. Your grab misses the quokka.
You squeeze the quokka, but do no damage.
The quokka misses you.
You barely miss the quokka. Your grab misses the quokka.
Your squeeze misses the quokka. The quokka bites you.
You barely miss the quokka. Your grab misses the quokka. The quokka bites you.
* * * LOW HITPOINT WARNING * * *
The quokka bites you.
* * * LOW HITPOINT WARNING * * *
You barely miss the quokka. Your grab misses the quokka. The quokka bites you.
You die...

.###'####
#...#.###..# .#
#.# #.#........#
## #.#
#....)####.#
####.# ###...# #.#
#....# #######.#.#
#.# +....#
#....##.#.# #.#
#....# #....##.#.#
#.# #.##.#
#.......#r# #.#
#.##.# #.....#.#@#
.#
#.##.###.....#.#†#
......##.....#.#.#
#.######...###.#.#
...# #.+...# #.#..
##.###.#...###.###
...........'...#
#..........#####
+.....>..###


You could see a quokka.

Vanquished Creatures
  2 endoplasms (D:1)
  4 goblins (D:1)
  4 hobgoblins (D:1)
  A ball python (D:1)
  A frilled lizard (D:1)
  2 rats (D:1)
14 creatures vanquished.

Notes
Turn   | Place    | Note
-------+----------+-------------------------------------------
     0 | D:1      | Pimp the Octopode Conjurer began the quest for the Orb.
     0 | D:1      | Reached XP level 1. HP: 11/11 MP: 3/3
   163 | D:1      | Reached XP level 2. HP: 9/17 MP: 5/5
   276 | D:1      | Learned a level 2 spell: Searing Ray
   279 | D:1      | Learned a level 2 spell: Blink
   309 | D:1      | Slain by a quokka

Illustrated notes

Levels and vault maps discovered:
D:1:      lightli_arrival_maybe_door_vault, layout_basic,
          nicolae_ecumenical_lake_church, amcnicky_mini_corridor_feature

Skill      XL: |  1 |
---------------+----+-----
Stealth        | 3 |  3.2
Dodging        | |  2.3
Spellcasting   | |  2.2
Conjurations   | |  4.1

Action                     || total
---------------------------++-------
  Melee: Dagger            ||    37
         Tentacles         ||    10
         Constrict         ||     7
         Unarmed           ||     1
         Punch             ||     1
   Stab: Sleeping          ||     2
  Dodge: Dodged            ||    25

Table legend: (Time is in decaauts)
 A = Elapsed time spent in this place.
 B = Non-inter-level travel time spent in this place.
 C = Inter-level travel time spent in this place.
 D = Time resting spent in this place.
 E = Time spent auto-exploring this place.
 F = Levels seen in this place.
 G = Mean time per level.
                   A        B        C        D        E       F      G
               +--------+--------+--------+--------+--------+-----+--------+
         Total |    308 |    308 |      0 |     51 |    139 |   1 |  308.0 |
       Dungeon |    308 |    308 |      0 |     51 |    139 |   1 |  308.0 |
               +--------+--------+--------+--------+--------+-----+--------+

Top non-repeatable levels by time:
     D:1: 308 daAuts
